 Dungeon Crawl Stone Soup version 0.30.0-15-g856e2d3f33 (webtiles) character file.

Game seed: 5487496137725481839

138112 Theoretic the Fighter (level 16, -1/114 (133) HPs)
             Began as a Formicid Enchanter on May 19, 2023.
             Was a High Priest of Ru.
             Slain by a water elemental (14 damage)
             ... led by a merfolk aquamancer
             ... on level 2 of the Shoals.
             The game lasted 01:42:57 (31904 turns).

Theoretic the Fighter (Formicid Enchanter)         Turns: 31904, Time: 01:42:57

HP:   -1/114 (133)  AC: 15    Str: 27    XL:     16   Next: 85%
MP:   22/22         EV:  9    Int: 21    God:    Ru [*****.]
Gold: 1187          SH: 20    Dex: 16    Spells: 12/23 levels left

rFire   + . .        a - +7 spear "Burphotyrph" {vamp, +Blink rC+ rN+ Stlth+}
rCold   + . .        F - +2 kite shield {rF+}
rNeg    + . .        L - +1 scale mail of Vun Cula {Will++ Str+6 Stlth-}
rPois   .            (helmet unavailable)
rElec   +            N - +1 cloak of Hadjma {rElec Str+3 Dex+2}
rCorr   +            v - +0 pair of gloves
SInv    +            q - +2 pair of boots
Will    ++++.        p - amulet of reflection
Stlth   ++           S - ring "Buqir" {rCorr Str+3 SInv}
HPRegen 0.39/turn    Y - ring of flight
MPRegen 0.18/turn

%: reflection
@: exhausted, engulfed (cannot breathe), flying, heavily drained
A: permanent stasis, dig shafts and tunnels, antennae 3, hated by all, inability
to train dodging, unskilled 1, inexperienced 1, four strong arms, deformed body,
strong-willed 1, shaggy fur 1
a: Dig, Shaft Self, Renounce Religion, Draw Out Power, Power Leap, Apocalypse


You were on level 2 of the Shoals.
You worshipped Ru.
Ru was extremely pleased with you.
You visited 7 branches of the dungeon, and saw 27 of its levels.
You also visited: Sewer.

You collected 2871 gold pieces.
You spent 1684 gold pieces at shops.

Inventory:

Hand Weapons
 a - the +7 spear "Burphotyrph" (weapon) {vamp, +Blink rC+ rN+ Stlth+}
   (You found it on level 8 of the Dungeon)

   rC:        It protects you from cold.
   rN:        It protects you from negative energy.
   +Blink:    It lets you blink.
   Stlth:     It makes you more stealthy.
 b - a +0 glaive of flaming
 c - a +2 demon trident of draining
Missiles
 e - 3 boomerangs of dispersal
 y - 6 curare-tipped darts
 z - 35 boomerangs (quivered)
 O - 2 throwing nets
 P - 5 silver javelins
 V - 6 javelins
Armour
 m - a +0 tower shield
 q - a +2 pair of boots (worn)
 v - a +0 pair of gloves (worn)
 F - a +2 kite shield of fire resistance (worn)
 I - +0 fire dragon scales
 L - the +1 scale mail of Vun Cula (worn) {Will++ Str+6 Stlth-}
   (You found it on level 5 of the Lair of Beasts)

   Str:       It affects your strength (+6).
   Will:      It greatly increases your willpower.
   Stlth:     It makes you less stealthy.
 N - the +1 cloak of Hadjma (worn) {rElec Str+3 Dex+2}
   (You bought it in a shop on level 8 of the Dungeon)

   Str:       It affects your strength (+3).
   Dex:       It affects your dexterity (+2).
   rElec:     It insulates you from electricity.
 Z - a +2 plate armour of cold resistance
Jewellery
 g - a ring of ice
 j - the amulet "Caox" {RegenMP *Corrode rN+++ Regen+ Int+3}
   (You found it on level 13 of the Dungeon)

   [amulet of magic regeneration]

   It increases your rate of magic regeneration.
   Int:       It affects your intelligence (+3).
   rN:        It renders you almost immune to negative energy.
   Regen:     It increases your rate of health regeneration.
   *Corrode:  It may corrode you when you take damage.
 p - an amulet of reflection (around neck)
 s - a +4 ring of protection
 K - an amulet of guardian spirit
 S - the ring "Buqir" (left hand) {rCorr Str+3 SInv}
   (You found it on level 10 of the Dungeon)

   [ring of see invisible]

   Str:       It affects your strength (+3).
   SInv:      It lets you see invisible.
   rCorr:     It protects you from acid and corrosion.
 W - an amulet of regeneration
 Y - a ring of flight (right hand)
Wands
 w - a wand of mindburst (11)
 G - a wand of quicksilver (10)
 Q - a wand of flame (24)
 T - a wand of iceblast (4)
 X - a wand of polymorph (5)
Scrolls
 h - a scroll of brand weapon
 l - 2 scrolls of immolation
 n - a scroll of fog
 t - 4 scrolls of enchant armour
 x - 3 scrolls of identify
 H - 6 scrolls of amnesia
 J - 3 scrolls of fear
Potions
 f - 6 potions of flight
 i - a potion of heal wounds
 k - 6 potions of might
 o - 5 potions of invisibility
 r - 3 potions of attraction
 u - 2 potions of ambrosia
 A - 8 potions of resistance
 B - 7 potions of brilliance
 C - 3 potions of mutation
 D - 3 potions of lignification
 E - 4 potions of magic
 M - 11 potions of curing
 R - 3 potions of cancellation
Miscellaneous
 U - a lightning rod (4/4)


   Skills:
 + Level 14.2 Fighting
 - Level 6.0 Short Blades
 + Level 13.8 Polearms
 - Level 4.0 Ranged Weapons
 - Level 6.0 Throwing
 - Level 10.0 Armour
 - Level 7.0 Stealth
 + Level 13.4 Shields
 - Level 4.0 Spellcasting
 - Level 11.0 Hexes


You had 12 spell levels left.
You knew the following spells:

 Your Spells              Type           Power      Damage    Failure   Level
a - Ensorcelled Hibernat  Hex/Ice        54%        N/A       5%          2
b - Confusing Touch       Hex            50%        N/A       1%          3
c - Tukima's Dance        Hex            50%        N/A       1%          3
d - Inner Flame           Hex/Fire       27%        N/A       11%         3

Your spell library contained the following spells:

 Spells                   Type           Power      Damage    Failure   Level
 Dazzling Flash           Conj/Hex       54%        N/A       11%         3
 Portal Projectile        Hex/Tloc       54%        N/A       11%         3
 Beastly Appendage        Tmut           8%         N/A       34%         1
 Leda's Liquefaction      Hex/Erth       13%        N/A       34%         4
 Yara's Violent Unravell  Hex/Tmut       13%        3d7       69%         5
 Enfeeble                 Hex            25%        N/A       97%         7
 Flame Wave               Conj/Fire      4%         2d5       98%         4
 Manifold Assault         Tloc           4%         N/A       98%         4
 Passage of Golubria      Tloc           4%         N/A       98%         4
 Petrify                  Tmut/Erth      4%         N/A       98%         4
 Sticky Flame             Conj/Fire      4%         2d3       98%         4
 Arcjolt                  Conj/Air       2%         1d12      100%        5
 Plasma Beam              Fire/Air       2%         2x1d13    100%        6
 Storm Form               Tmut/Air       2%         N/A       100%        7
 Maxwell's Capacitive Co  Air            2%         ∞         100%        8
 Blink                    Tloc           Unusable   N/A       N/A         2
 Call Canine Familiar     Summ           Unusable   N/A       N/A         3
 Vhi's Electric Charge    Tloc/Air       Unusable   N/A       N/A         3
 Summon Lightning Spire   Summ/Air       Unusable   N/A       N/A         4

Dungeon Overview and Level Annotations

Branches:
Dungeon (15/15)            Temple (1/1) D:6            Lair (5/5) D:8
 Shoals (2/4) Lair:3       Spider (1/4) Lair:2        Slime (1/5) Lair:4
    Orc (2/2) D:10            Elf (0/3) Orc:2        Vaults (0/5) D:13
 Depths (0/4) D:15          Sewer (visited)

Altars:
Ashenzari
Cheibriados
Dithmenos
Elyvilon
Gozag
Kikubaaqudgha
Makhleb
Nemelex Xobeh
Okawaru
Qazlal
Ru
Sif Muna
Trog
Uskayaw
Vehumet
Wu Jian
Xom
Zin
The Shining One

Shops:
D:7 (   D:8 =[:   Orc:1 [   Orc:2 ?*!(

Portals:
Trove: D:10 (give +4 storm dragon scales)

Annotations:
D:4 1 transporter, bungle's ghost, novice DjCj
D:6 1 runed translucent door, Crazy Yiuf
Lair:3 1 runed translucent door, exclusion: hydra, Itian's ghost, journeyman MiBe


Innate Abilities, Weirdness & Mutations

You cannot be hasted, slowed, berserked, paralysed or teleported.
You can dig through walls and to a lower floor.
You have a pair of large antennae on your head. (SInv)
You are hated by all.
You cannot train Dodging skill.
You are somewhat unskilled. (-1 Apt)
You are somewhat inexperienced. (-1 XL)
Your four strong arms can wield two-handed weapons with a shield.
Armour fits poorly on your strangely shaped body.
You are strong-willed. (Will+)
You are covered in fur. (AC +1)


Message History

A wind drake comes into view.
You barely miss the merfolk aquamancer.
The merfolk aquamancer is severely wounded.
You block the merfolk's attack.
The snapping turtle bites you but does no damage.
The merfolk aquamancer is stunned by your conviction and fails to attack.
The water elemental hits you.
* * * LOW HITPOINT WARNING * * *
The water elemental engulfs you in water!
You puncture the merfolk aquamancer!
You feel better.
The merfolk aquamancer is severely wounded.
* * * LOW HITPOINT WARNING * * *
Your lungs strain for air!
The merfolk aquamancer gestures at you while chanting.
You block shard of ice... and reflect it back!
The shard of ice hits the merfolk aquamancer!!
You kill the merfolk aquamancer!
You hear a splash. x2
* * * LOW HITPOINT WARNING * * *
Your lungs strain for air!
You block the merfolk's attack.
The centaur warrior unwields a +4 shortbow.
The centaur warrior hits you but does no damage.
You block the centaur warrior's attack.
The snapping turtle bites you from afar.
* * * LOW HITPOINT WARNING * * *
You block the water elemental's attack.
A snapping turtle comes into view.
Things that are here:
a +0 rapier; a +0 robe You puncture the centaur warrior!
You feel better.
The centaur warrior is almost dead.
* * * LOW HITPOINT WARNING * * *
Your lungs strain for air!
You block the centaur warrior's attack.
The centaur warrior kicks you but does no damage.
The merfolk hits you with a +0 trident.
* * * LOW HITPOINT WARNING * * *
You block the snapping turtle's attack. The water elemental hits you!
You die...

≈≈≈≈≈≈~~...###..~~~~....
≈≈≈≈≈≈~~..## ##...~..~P~
≈≈≈≈≈≈~..## #...~~~~~~
≈≈≈≈≈≈~~## ....~~~~~~
~~~~≈≈~~.# ....~~P~P.
~~~~~≈~~.# ..~...~<~P.
.~~~~~~~.# .~~#
#..~~~~~.# ..~~##
###.k~~E@###.~~...
#..~~t~cm~~~~~~~~
...~~~~~~~~~~≈~~~
###.~~~≈≈≈≈≈~~~~~
#.~~~~≈~~~~t~~~
#.~~~~~~~~~~~~~
#.~~~~~~~~.~~~~~
#.~~~~~~~...~~~~
#.~~~~~~~.#..~~~


You could see 2 snapping turtles, a wind drake (repels missiles), a merfolk
(corona), a centaur warrior and a water elemental.

Vanquished Creatures
  Jorgrun (D:14)
  Louise (Lair:3)
  An emperor scorpion (Spider:1)
  Aizul (Lair:3)
  A stone giant (D:15)
  Snorg (D:13)
  A merfolk impaler (Shoals:2)
  2 fire dragons (Lair:5)
  3 hydras
  4 vault guards
  A merfolk aquamancer (Shoals:2)
  9 centaur warriors
  4 two-headed ogres
  5 boulder beetles
  A tengu warrior (D:15)
  4 death yaks (Shoals:2)
  Nergalle (D:11)
  4 orc high priests (Orc:2)
  3 skysharks
  5 skeletal warriors (D:15)
  A deep troll (D:15)
  A wizard (D:15)
  A swamp dragon (Lair:5)
  2 lindwurms (Lair:5)
  4 orc knights
  A deep elf pyromancer (D:13)
  3 harpies (Shoals:1)
  5 orc sorcerers
  A necromancer (D:15)
  4 cyclopes
  2 fauns (Shoals:1)
  3 manticores
  19 ugly things
  4 merfolk sirens (Shoals:1)
  5 black mambas
  19 elephants
  6 torpor snails
  2 water nymphs (Shoals:1)
  A gargoyle (D:11)
  Maggie (Lair:2)
  13 cane toads
  An efreet (D:14)
  2 unseen horrors
  5 komodo dragons
  A kobold demonologist (D:9)
  A yaktaur (D:15)
  5 rime drakes
  A merfolk (Shoals:1)
  A tengu conjurer (D:10)
  8 trolls
  11 hornets
  9 meliai
  3 wind drakes (Shoals:1)
  A wolf spider simulacrum (D:13)
  21 blink frogs
  3 tyrant leeches (Lair:5)
  3 snapping turtles
  10 dream sheep
  13 slime creatures
  A jumping spider (Lair:2)
  A culicivora (shapeshifter) (D:14)
  3 vampires
  6 water elementals
  2 shadows
  5 wraiths
  6 wyverns
  A dancing weapon (D:7)
  26 yaks
  A basilisk (shapeshifter) (D:13)
  2 basilisks (Lair:5)
  2 redbacks (Lair:2)
  8 vampire mosquitoes
  7 steam dragons
  2 wargs
  5 acid dragons
  10 water moccasins
  3 swamp drakes (Lair:5)
  2 black bears
  25 orc warriors
  An ice beast (D:7)
  A sky beast (D:7)
  23 centaurs
  12 wolves
  5 ogres
  4 kobold brigands
  12 bullfrogs
  A gnoll sergeant (D:7)
  6 wights
  A hornet simulacrum (D:15)
  6 electric eels
  3 howler monkeys
  4 hounds
  19 orc priests
  Jessica (D:3)
  6 iguanas
  2 sleepcaps
  24 orc wizards
  4 hell rats (Lair:5)
  14 gnolls
  A gnoll (shapeshifter) (D:13)
  9 adders
  A river rat (D:6)
  A white imp (D:5)
  An ufetubus (D:4)
  2 worms (D:2)
  3 dart slugs
  73 orcs
  5 ball pythons
  12 bats
  6 endoplasms
  3 giant cockroaches
  8 goblins
  6 hobgoblins
  4 quokkas
  8 frilled lizards
  28 kobolds
  7 rats
  A butterfly (Lair:4)
696 creatures vanquished.

Vanquished Creatures (collateral kills)
  6 wights
  2 orcs (D:7)
8 creatures vanquished.

Vanquished Creatures (others)
  An ugly thing (D:15)
  A cane toad (Lair:2)
  A komodo dragon (Lair:4)
  A troll (D:13)
  A blink frog (Lair:4)
  A slime creature (D:12)
  4 dancing weapons
  A steam dragon (Lair:2)
  An orc warrior (Orc:2)
  A wolf (Lair:4)
  An orc priest (Orc:1)
  An orc wizard (Orc:2)
  A hell rat (Lair:5)
  4 orcs
  A ball python (D:4)
  A spectral weapon (D:15)
22 creatures vanquished.

Grand Total: 726 creatures vanquished

Notes
Turn   | Place    | Note
-------+----------+-------------------------------------------
     0 | D:1      | Theoretic the Formicid Enchanter began the quest for the
                  | Orb.
     0 | D:1      | Reached XP level 1. HP: 13/13 MP: 3/3
   125 | D:1      | Reached XP level 2. HP: 19/19 MP: 5/5
   165 | D:1      | Learned a level 2 spell: Ensorcelled Hibernation
   395 | D:1      | Reached XP level 3. HP: 24/24 MP: 3/6
   439 | D:1      | Reached skill level 5 in Hexes
   931 | D:2      | Reached XP level 4. HP: 30/30 MP: 7/7
   979 | D:2      | Found a faded altar of an unknown god.
  1134 | D:2      | Learned a level 3 spell: Confusing Touch
  1788 | D:3      | Reached XP level 5. HP: 32/36 MP: 5/8
  1866 | D:3      | Reached skill level 1 in Fighting
  1996 | D:3      | Learned a level 3 spell: Tukima's Dance
  2230 | D:3      | Noticed Jessica
  2236 | D:3      | Killed Jessica
  2920 | D:4      | Identified the +3 ring mail of Ceuckoeq {Int+3}
  3015 | D:4      | You fall into a shaft and drop 2 floors!
  3166 | D:6      | Reached XP level 6. HP: 36/41 MP: 6/9
  3173 | D:6      | Found a glowing drain.
  3183 | Sewer    | Entered a sewer
  3237 | Sewer    | HP: 2/41 [kobold brigand/+0 whip (7)]
  3246 | Sewer    | Reached skill level 2 in Fighting
  3338 | Sewer    | Reached skill level 3 in Fighting
  3381 | Sewer    | Reached XP level 7. HP: 48/52 MP: 11/11
  3643 | D:6      | Found a glowing silver altar of Zin.
  3744 | D:6      | Reached skill level 1 in Shields
  3800 | D:6      | Noticed a steam dragon
  3831 | D:6      | Killed a steam dragon
  3832 | D:6      | Reached skill level 1 in Armour
  4015 | D:6      | Found a staircase to the Ecumenical Temple.
  4105 | Temple   | Entered the Ecumenical Temple
  4249 | D:6      | Found a shadowy altar of Dithmenos.
  4411 | D:5      | Entered Level 5 of the Dungeon
  4415 | D:5      | Reached skill level 4 in Fighting
  4415 | D:5      | Reached XP level 8. HP: 16/60 MP: 9/12
  5264 | D:4      | Noticed bungle's ghost (novice DjCj)
  5266 | D:4      | Found a transporter.
  5327 | D:4      | Found an ancient bone altar of Kikubaaqudgha.
  6413 | D:5      | Reached skill level 5 in Fighting
  6511 | D:5      | Reached skill level 5 in Stealth
  6511 | D:5      | Reached XP level 9. HP: 68/68 MP: 7/13
  7012 | D:6      | Found a bloodstained altar of Trog.
  7106 | D:6      | Found a runed translucent door.
  7107 | D:6      | Noticed Crazy Yiuf
  7307 | D:7      | Reached skill level 6 in Fighting
  7590 | D:7      | Learned a level 3 spell: Inner Flame
  7968 | D:7      | Reached skill level 7 in Fighting
  8193 | D:7      | Reached skill level 5 in Short Blades
  8193 | D:7      | Reached XP level 10. HP: 79/79 MP: 12/16
  8228 | D:7      | Found a sacrificial altar of Ru.
  8399 | D:7      | Became a worshipper of Ru the Awakened
  8440 | D:7      | Found Etuengof's Weapon Boutique.
  8707 | D:8      | Found Weeb Luph's Antique Armour Emporium.
  8727 | D:8      | Found Baix's Book Shoppe.
  8731 | D:8      | Bought a fine cloak for 266 gold pieces
  8731 | D:8      | Identified the +1 cloak of Hadjma {rElec Str+3 Dex+2} (You
                  | bought it in a shop on level 8 of the Dungeon)
  8774 | D:8      | Identified the +7 spear "Burphotyrph" {vamp, +Blink rC+ rN+
                  | Stlth+}
  8795 | D:8      | Found a staircase to the Lair.
  9067 | D:8      | Found Baenuk's Jewellery Emporium.
  9443 | D:9      | Gained mutation: You are somewhat unskilled. (-1 Apt) [Ru
                  | sacrifice]
  9443 | D:9      | Reduced skill Fighting to level 6
  9443 | D:9      | Reached * piety under Ru
  9782 | D:9      | Noticed a kobold demonologist
  9785 | D:9      | Killed a kobold demonologist
 10351 | D:10     | Entered Level 10 of the Dungeon
 10351 | D:10     | Found a portal to a secret trove of treasure.
 10358 | D:10     | Found an opulent altar of Gozag.
 10413 | D:10     | Reached skill level 7 in Fighting
 10427 | D:10     | Reached skill level 5 in Shields
 10557 | D:10     | Found a staircase to the Orcish Mines.
 10636 | D:10     | Found an iron altar of Okawaru.
 10687 | D:10     | Found a snail-covered altar of Cheibriados.
 10898 | D:10     | Reached XP level 11. HP: 84/84 MP: 14/16
 11034 | D:10     | Identified the ring "Buqir" {rCorr Str+3 SInv}
 11205 | D:10     | Reached skill level 5 in Armour
 11316 | Lair:1   | Entered Level 1 of the Lair of Beasts
 11487 | Lair:1   | Reached skill level 8 in Fighting
 11487 | Lair:1   | Reached skill level 10 in Hexes
 11800 | Lair:1   | Gained mutation: You are hated by all. [Ru sacrifice]
 11800 | Lair:1   | Reached ** piety under Ru
 11800 | Lair:1   | Reached *** piety under Ru
 12436 | Lair:2   | Noticed Maggie
 12461 | Lair:2   | Killed Maggie
 12531 | Lair:2   | Got the Compendium of the Hierophant
 12539 | Lair:2   | Reached skill level 1 in Polearms
 12820 | Lair:2   | Reached XP level 12. HP: 93/94 MP: 17/17
 12900 | Lair:2   | Found a hole to the Spider Nest.
 12976 | Lair:2   | Reached skill level 9 in Fighting
 12990 | Lair:2   | Identified the +5 cloak of Hepliaklqana's Envy {rF- Dex+5}
 14240 | Lair:3   | Gained mutation: You cannot train Dodging skill. [Ru
                  | sacrifice]
 14240 | Lair:3   | Reached **** piety under Ru
 14245 | Lair:3   | Noticed an eight-headed hydra
 14853 | Lair:3   | Found a runed translucent door.
 14853 | Lair:3   | Noticed Itian's ghost (journeyman MiBe)
 14933 | Lair:3   | Reached skill level 10 in Fighting
 15098 | Lair:3   | Reached skill level 5 in Polearms
 15098 | Lair:3   | Reached skill level 10 in Shields
 15197 | Lair:3   | Found a staircase to the Shoals.
 15571 | Lair:4   | Reached XP level 13. HP: 99/103 MP: 15/18
 16186 | Lair:4   | Found a staircase to the Slime Pits.
 16341 | Lair:5   | Entered Level 5 of the Lair of Beasts
 16405 | Slime:1  | Entered Level 1 of the Pits of Slime
 16442 | Lair:4   | Reached skill level 11 in Fighting
 16754 | Lair:5   | Noticed a seven-headed hydra
 17106 | Lair:4   | Killed a seven-headed hydra
 17709 | Lair:4   | Gained mutation: You are somewhat inexperienced. (-1 XL)
                  | [Ru sacrifice]
 17709 | Lair:4   | Reached XP level 12. HP: 101/101 MP: 26/26
 17709 | Lair:4   | Reached ***** piety under Ru
 17784 | Lair:5   | Reached XP level 13. HP: 106/107 MP: 18/18
 17856 | Lair:4   | Reached skill level 12 in Fighting
 18300 | Lair:5   | Found a runed translucent door.
 18807 | Lair:5   | Identified the +1 scale mail of Vun Cula {Will++ Str+6
                  | Stlth-}
 19038 | Lair:5   | Found a glowing silver altar of Zin.
 19192 | Lair:5   | Reached skill level 10 in Polearms
 20313 | Orc:1    | Entered Level 1 of the Orcish Mines
 20421 | Orc:2    | Entered Level 2 of the Orcish Mines
 20533 | Orc:1    | Found Ogefudoe's Armour Boutique.
 20696 | Orc:2    | Found a staircase to the Elven Halls.
 21910 | Orc:2    | Reached XP level 14. HP: 98/103 MP: 16/19
 21998 | Orc:2    | Found Jynuraw's Antique Weapon Boutique.
 21998 | Orc:2    | Found Ekexicw's Magic Scroll Boutique.
 21999 | Orc:2    | Found Ohal's Distillery.
 21999 | Orc:2    | Found Cuka's Assorted Antiques.
 22009 | Orc:2    | Bought a potion of degeneration for 16 gold pieces
 22119 | Orc:2    | Bought a shimmering great sword for 448 gold pieces
 22119 | Orc:2    | Identified the +4 great sword of Inquiry {heavy, *Noise
                  | Int+5} (You bought it in a shop on level 2 of the Orcish
                  | Mines)
 22120 | Orc:2    | Bought a slimy morningstar for 351 gold pieces
 22120 | Orc:2    | Identified the +3 morningstar of Discord {flame, *Rage
                  | rPois rCorr Int+3} (You bought it in a shop on level 2 of
                  | the Orcish Mines)
 22200 | Orc:2    | Bought a potion of curing for 48 gold pieces
 22200 | Orc:2    | Bought a potion of heal wounds for 80 gold pieces
 22200 | Orc:2    | Bought a potion of attraction for 48 gold pieces
 22200 | Orc:2    | Bought a potion of lignification for 48 gold pieces
 22587 | Orc:2    | Bought a scroll of brand weapon for 152 gold pieces
 23462 | D:12     | Noticed Nergalle
 23517 | D:11     | Killed Nergalle
 23778 | D:12     | Reached skill level 1 in Ranged Weapons
 24756 | D:13     | Identified the amulet "Caox" {RegenMP *Corrode rN+++ Regen+
                  | Int+3}
 25169 | D:13     | Noticed Snorg
 25273 | D:13     | Reached skill level 13 in Fighting
 26049 | D:13     | Found a gate to the Vaults.
 27114 | D:13     | Killed Snorg
 27115 | D:13     | Reached skill level 1 in Throwing
 27735 | D:14     | Identified the +1 robe "Xifiuw" {Drain rPois Str+3}
 27871 | D:14     | Noticed Jorgrun
 27883 | D:14     | Killed Jorgrun
 27979 | D:14     | Reached XP level 15. HP: 112/114 MP: 21/21
 28645 | D:14     | Reached XP level 16. HP: 127/127 MP: 22/22
 28670 | D:15     | Entered Level 15 of the Dungeon
 29487 | D:15     | Reached skill level 10 in Armour
 29800 | D:15     | Reached skill level 5 in Throwing
 29808 | D:15     | Found a staircase to the Depths.
 29827 | D:15     | Gained mutation: You are frail. (-10% HP) [a neqoxec]
 29841 | D:15     | Lost mutation: You are frail. (-10% HP) [potion of
                  | mutation]
 29841 | D:15     | Gained mutation: You are strong-willed. (Will+) [potion of
                  | mutation]
 29841 | D:15     | Gained mutation: You are covered in fur. (AC +1) [potion of
                  | mutation]
 29841 | D:15     | Gained mutation: Armour fits poorly on your strangely
                  | shaped body. [potion of mutation]
 30175 | Spider:1 | Entered Level 1 of the Spider Nest
 30256 | Shoals:1 | Entered Level 1 of the Shoals
 30256 | Shoals:1 | Noticed Louise
 30258 | Shoals:1 | Noticed Aizul
 30273 | Lair:3   | Killed Aizul
 30279 | Lair:3   | Killed Louise
 30657 | D:8      | Bought a ring of flight for 227 gold pieces
 30841 | Shoals:1 | Reached skill level 14 in Fighting
 31904 | Shoals:2 | Slain by a water elemental

Illustrated notes

Levels and vault maps discovered:
D:1:      eino_arrival_tree_alley, layout_rooms
D:2:      layout_basic, basic_ecumenical_altar
D:3:      layout_basic, serial_bayou_crossing, uniq_jessica
D:4:      layout_loops_ring, lemuel_tele_altar, gammafunk_ghost_smash
D:5:      layout_loops_cross
D:6:      layout_cave_pools, mainiacjoe_overflow_alcove_4, zin_treasury,
          mainiacjoe_overflow_catwalk, minmay_temple_entry_mist,
          gup_sewer_entry_bubbles, uniq_crazy_yiuf_cottage
D:7:      layout_basic, nicolae_ru_path_of_blood, serial_shops, shop
D:8:      layout_rooms, lair_entry_dummy, serial_shops, shop,
          nicolae_shop_advertising_works [nicolae_subvault_shop_adworks],
          nicolae_shop_trees
D:9:      layout_loops_ring, fungi_pond_lemuel
D:10:     layout_big_octagon, okawaru_metal_pillars_1_2, kennysheep_slug_shrine,
          amcnicky_altar_gilded, nicolae_trove_entry_free_sample,
          grunt_ministairs_11, kennysheep_generic_room_4
D:11:     layout_loops_ring
D:12:     layout_long_grid, uniq_nergalle
D:13:     layout_gridville, lightli_vaults_fourway_checkpoint, uniq_snorg
D:14:     layout_gridville, roderic_roman_lattice, uniq_jorgrun
D:15:     hangedman_depths_entry_civil_slaughter, layout_basic, serial_bayou,
          serial_bayou_lagoon_a, serial_bayou_shore_a, serial_bayou_lagoon_b,
          serial_bayou_ford_a, serial_bayou_pond_a, minmay_statues_item
Temple:   eino_narrow_crystal_temple
Lair:1:   layout_hall_layers, infiniplex_staircase_pool
Lair:2:   layout_loops_ring, spider_nest_entry_a, serial_bayou_pond_d,
          lemuel_fruit_fields, uniq_maggie
Lair:3:   layout_chaotic_city, minmay_shoals_entry_hut,
          ebering_ghost_inner_flame, chequers_serial_rivers_micro_e
Lair:4:   layout_misc_corridors, slime_entry_1, grunt_megastairs_5,
          lemuel_fruit_fields
Lair:5:   guppyfry_lair_end_dragon, layout_misc_corridors, wormcave,
          lemuel_centaur_altar
Shoals:1: layout_shoals, uniq_louise, uniq_aizul
Shoals:2: layout_shoals, nicolae_splish_splash, uniq_polyphemus
Spider:1: layout_spider_delve, uniq_frances
Slime:1:  layout_caves
Orc:1:    layout_caves, serial_shops, shop
Orc:2:    st_orc_elflike, layout_caves

Skill      XL: |  1  2  3  4  5  6  7  8  9 10 11 12 13 14 15 16 |
---------------+-------------------------------------------------+-----
Hexes          | 4 5 6 7 8 9 9 10 11 | 11.0
Dodging        | 2 3 2 0 |  0.0
Fighting       | 1 3 4 5 7 7 8 10 12 13 14 | 14.2
Stealth        | 4 5 7 6 7 |  7.0
Short Blades   | 2 3 5 6 |  6.0
Spellcasting   | 3 4 3 4 |  4.0
Shields        | 2 3 5 8 10 12 13 | 13.4
Armour         | 2 3 4 5 6 7 9 10 | 10.0
Polearms       | 2 5 12 13 | 13.8
Ranged Weapons | 4 |  4.0
Throwing       | 2 3 6 |  6.0

Action                     |  1- 3 |  4- 6 |  7- 9 | 10-12 | 13-15 | 16-18 || total
---------------------------+-------+-------+-------+-------+-------+-------++-------
  Melee: Dagger            |    85 |   153 |   262 |   244 |    14 |       ||   758
         Punch             |     1 |     2 |       |       |       |       ||     3
         Short sword       |       |       |   108 |       |       |       ||   108
         Spear             |       |       |       |   414 |  2166 |    21 ||  2601
         Glaive            |       |       |       |       |   100 |   191 ||   291
         Demon trident     |       |       |       |       |       |   160 ||   160
   Fire: Sling             |       |       |     1 |       |       |       ||     1
  Throw: Dart              |       |       |       |       |     2 |       ||     2
         Boomerang         |       |       |       |       |       |     1 ||     1
   Cast: Ensorcelled Hiber |    12 |    36 |    80 |   100 |     6 |       ||   234
         Confusing Touch   |       |       |     6 |     5 |       |       ||    11
         Tukima's Dance    |       |       |    15 |     7 |       |       ||    22
         Inner Flame       |       |       |     2 |     3 |       |       ||     5
 Invoke: Sacrifice Skill   |       |       |       |     1 |       |       ||     1
         Sacrifice Love    |       |       |       |     1 |       |       ||     1
         Draw Out Power    |       |       |       |     2 |     4 |     3 ||     9
         Apocalypse        |       |       |       |     1 |     8 |     2 ||    11
         Power Leap        |       |       |       |     1 |     1 |       ||     2
         Sacrifice Nimblen |       |       |       |     1 |       |       ||     1
         Sacrifice Experie |       |       |       |     1 |       |       ||     1
         Reject Sacrifices |       |       |       |       |     2 |       ||     2
Ability: Dig               |       |     1 |     1 |     1 |     1 |     1 ||     5
         Shaft Self        |       |     1 |       |       |       |       ||     1
    Use: Potion            |       |     4 |       |     1 |     3 |     5 ||    13
         Scroll            |       |       |     4 |     5 |    15 |     1 ||    25
   Stab: Sleeping          |    10 |    33 |    54 |    63 |    14 |       ||   174
         Confused          |       |       |     4 |     4 |       |       ||     8
         Invisible         |       |       |       |     5 |    19 |     8 ||    32
         Distracted        |       |       |       |     3 |    12 |       ||    15
         Paralysed         |       |       |       |       |    12 |     2 ||    14
 Armour: Robe              |    13 |    15 |    45 |       |       |       ||    73
         Ring mail         |       |    42 |    37 |   234 |   302 |       ||   615
         Scale mail        |       |       |       |       |   362 |    87 ||   449
  Dodge: Dodged            |    66 |   104 |   176 |   208 |   473 |    51 ||  1078
  Block: Other             |       |    39 |    30 |       |       |       ||    69
         Reflection        |       |     1 |     1 |     4 |       |     9 ||    15
         Buckler           |       |       |    87 |    40 |       |       ||   127
         Kite shield       |       |       |       |   419 |  1170 |   229 ||  1818
